Unix NetHack Version 5.0.0-0 post-release - last build Jun 10 2026 00:39:30 (3ee93aec679c4c4259841fe613dc97188e26a321,branch:main).

Game began 2026-06-20 00:30:52, ended 2026-06-20 00:44:58.

Drastanta, chaotic male elven Priest

                   ----
                   -.<|
                  |...-
                  |-...--  -
            -   ---...--.--.----
           ................()G)-
            .........@..........-
           .....--...h..........!
             ....................
             .. ----...........
                   |...........
                   - -........
                      --.....
                       |....

Drastanta the Acolyte        St:15 Dx:10 Co:15 In:9 Wi:16 Ch:10  Chaotic
Dlvl:5  $:24 HP:0(46) Pw:66(75) AC:5  Xp:5 T:2314 

Latest messages:
 You hear an E flat squeak in the distance.
 You see here a leash.
 The giant bat bites!
 The giant bat bites!
 You miss the giant bat.
 The giant bat bites!
 You kill the giant bat!
 You kill the gnome!
 You see here a giant bat corpse.
 You miss the gnome.
 The gnome hits!
 You kill the gnome!
 The dwarf picks up a blue gem.
 You miss the dwarf.
 You kill the dwarf!
 The hobbit throws a dagger!
 A dagger misses you.
 There are several objects here.
 The hobbit hits!
 The gnome lord misses!
 You hit the hobbit!
 The hobbit just misses!
 The gnome lord hits!
 You kill the hobbit!
 The gnome shoots 2 crossbow bolts!
 The gnome misfires!
 It is missed.
 The 2nd crossbow bolt hits the gnome lord.
 You hit the gnome lord!
 The gnome lord hits!
 The gnome shoots 2 crossbow bolts!
 The 1st crossbow bolt misses the gnome lord.
 You are hit by the 1st crossbow bolt.
 The 2nd crossbow bolt misses the gnome lord.
 The 2nd crossbow bolt misses you.
 You kill the gnome lord!
 The gnome hits!
 You kill the gnome!
 The gnome shoots 2 crossbow bolts!
 The 1st crossbow bolt misses you.
 The 2nd crossbow bolt misses you.
 The dwarf wields a broad short sword!
 The gnome picks up a cursed crossbow bolt.
 You hit the dwarf!
 The dwarf thrusts his broad short sword.
 The dwarf hits!
 You die...
 Do you want your possessions identified? [ynq] (y) y
 Do you want to see your attributes? [ynq] (y) y
 Do you want an account of creatures vanquished? [ynaq] (y) q

Inventory:
 Coins    ('$')
  $ - 24 gold pieces
 Amulets  ('"')
  F - an amulet of life saving
 Weapons  (')')
  a - a blessed +1 mace (weapon in left hand)
 Armor    ('[')
  j - a +0 pair of leather gloves (being worn)
  E - a +0 pair of low boots (being worn)
  c - a +0 small shield (being worn)
  G - a +0 cloak of invisibility
  n - a blessed +0 elven cloak
  b - a +0 robe (being worn)
 Comestibles  ('%')
  e - a clove of garlic
  K - a cram ration
  I - a food ration
  f - a sprig of wolfsbane
 Scrolls  ('?')
  r - a scroll of magic mapping
 Spellbooks  ('+')
  H - a spellbook of cancellation
  z - a spellbook of confuse monster
  h - a spellbook of detect food
  y - a spellbook of detect monsters
  o - a spellbook of healing
  g - a spellbook of light
 Potions  ('!')
  p - a cursed potion of extra healing
  L - a potion of hallucination
  v - a blessed potion of object detection
  C - a blessed potion of see invisible
  B - a potion of sickness
  d - 4 potions of holy water
 Rings    ('=')
  q - a cursed -1 ring of increase damage
 Wands    ('/')
  A - a wand of create monster (0:10)
  J - a wand of light (0:13)
  D - a wand of polymorph (0:0)
 Tools    ('(')
  i - a wooden harp
  l - a brass lantern
  k - a magic whistle
 Gems/Stones  ('*')
  s - a worthless piece of green glass
  t - a worthless piece of violet glass
  u - a touchstone

Drastanta the Priest's attributes:

Background:
 You were an Acolyte, a level 5 elven Priest.
 You were chaotic, on a mission for Loki
 who was opposed by Tyr (lawful) and Odin (neutral).
 You were left-handed.
 You were in the Gnomish Mines, on level 5.
 You entered the dungeon 2314 turns ago.
 It was the midnight hour.
 You had 283 experience points, 37 more were needed to attain level 6.

Basics:
 You had 0 out of 46 hit points.
 You had 66 out of 75 energy points (spell power).
 Your armor class was 5.
 Your wallet contained 24 zorkmids.
 Autopickup was on for '$' plus thrown.

Final Characteristics:
 Your strength was 15 (limit:18).
 Your dexterity was 10 (limit:18).
 Your constitution was 15 (limit:16).
 Your intelligence was 9 (limit:20).
 Your wisdom was 16 (limit:20).
 Your charisma was 10 (limit:18).

Final Status:
 You weren't hungry.
 You were unencumbered.
 You were wielding a mace.
 You were skilled in mace.

Final Attributes:
 You were piously aligned.
 You were sleep resistant.
 You had infravision.
 You were guarded.
 Your spell casting was enhanced by wearing a robe.
 You are dead.

Miscellaneous:
 You didn't encounter any bones levels.
 Total elapsed playing time was 14 minutes and 6 seconds.

Major events:
 Turn
    1: Drastanta the chaotic elven Priest entered the dungeon
  668: attained the rank of Acolyte (level 3)
 2241: entered the Gnomish Mines
 2314: killed by a dwarf

Spells:
 Name                 Level Category     Fail Retention
 light                  1   clerical       0%   81%-90%
 detect food            2   divination    50%  76%-100%

Skills:
 Fighting Skills
   bare handed combat [Unskilled]
 Weapon Skills
   club               [Unskilled]
   mace               [Skilled]
   morning star       [Unskilled]
   flail              [Unskilled]
   hammer             [Unskilled]
   quarterstaff       [Unskilled]
   polearms           [Unskilled]
   spear              [Unskilled]
   trident            [Unskilled]
   lance              [Unskilled]
   bow                [Unskilled]
   sling              [Unskilled]
   crossbow           [Unskilled]
   dart               [Unskilled]
   shuriken           [Unskilled]
   boomerang          [Unskilled]
   unicorn horn       [Unskilled]
 Spellcasting Skills
   healing spells     [Unskilled]
   divination spells  [Unskilled]
   clerical spells    [Basic]

Voluntary challenges:
 Character rerolling was not enabled.
 You never genocided any monsters.
 You never polymorphed an object.
 You never changed form.
 You used no wishes.
Achievements:
 You entered a shop.
 You attained the rank of Acolyte.
 You entered the Gnomish Mines.

 The Dungeons of Doom: levels 1 to 5
    Level 1:
       A fountain.
    Level 2:
       A general store, a fountain.
    Level 3:
    Level 4:
       A fountain.
       Stairs down to The Gnomish Mines.
    Level 5:
 The Gnomish Mines:
    Level 5: <- You were here.
       Final resting place for
          you, killed by a dwarf.


Vanquished creatures:
  a rock piercer
  a gnome leader
  a gnomish wizard
  a jellyfish
  2 little dogs
  a floating eye
  a dwarf
  a giant bat
  a dwarf zombie
  3 gas spores
  a hobbit
  a large kobold
  a hobgoblin
  2 giant rats
  5 gnomes
  7 garter snakes
  a gnome zombie
  4 geckos
  4 jackals
  3 kobolds
  4 goblins
  4 grid bugs
  3 bats
  3 lichens
  3 newts
59 creatures vanquished.

No species were genocided or became extinct.

Game over:
                       ----------
                      /          \
                     /    REST    \
                    /      IN      \
                   /     PEACE      \
                  /                  \
                  |    Drastanta     |
                  |      24 Au       |
                  |   killed by a    |
                  |      dwarf       |
                  |                  |
                  |                  |
                  |       2026       |
                 *|     *  *  *      | *
        _________)/\\_//(\/(/\)/\//\/|_)_______

Goodbye Drastanta the Priest...

You died in The Gnomish Mines on dungeon level 5 with 1384 points,
and 24 pieces of gold, after 2314 moves.
You were level 5 with a maximum of 46 hit points when you died.

